 Dungeon Crawl Stone Soup version 0.20.1-1-g8b1a95d (webtiles) character file.

265 vineage the Firebug (level 5, -9/42 HPs)
             Began as a Demonspawn Fire Elementalist on Oct 21, 2017.
             Was an Initiate of Vehumet.
             Killed from afar by an orc wizard (19 damage)
             ... with a wand of lightning (?/15)
             ... on level 4 of the Dungeon.
             The game lasted 00:13:46 (5422 turns).

vineage the Firebug (Demonspawn Fire Elementalist)  Turns: 5422, Time: 00:13:47

Health: -9/42      AC:  4    Str: 12    XL:     5   Next: 99%
Magic:  6/8        EV: 11    Int: 16    God:    Vehumet [......]
Gold:   149        SH:  3    Dex: 15    Spells: 0/8 levels left

rFire    . . .     SeeInvis .   v - staff of conjuration
rCold    . . .     Gourm    .   k - +0 buckler
rNeg     . . .     Faith    .   a - +0 robe
rPois    .         Spirit   .   (no helmet)
rElec    .         Reflect  .   (no cloak)
rCorr    .         Harm     .   (no gloves)
MR       .....     Clarity  +   (no boots)
Stlth    +++.......             (no amulet)
Regen    0.2/turn               o - +2 ring of dexterity
MPRegen  0.2/turn               (no ring)

@: berserk cooldown, flying, slowed, very slow
A: claws 1, molten scales 1, clarity, nightstalker 1, strong 1
a: Renounce Religion


You were on level 4 of the Dungeon.
You worshipped Vehumet.
Vehumet was noncommittal.
You were not hungry.

You visited 2 branches of the dungeon, and saw 5 of its levels.

You collected 149 gold pieces.

Inventory:

Armour
 a - a +0 robe (worn)
 k - a +0 buckler (worn)
 l - a +1 helmet
Magical Staves
 v - an uncursed staff of conjuration (weapon)
Jewellery
 o - a +2 ring of dexterity (left claw)
 w - an uncursed ring of poison resistance {unknown}
Scrolls
 e - a scroll of magic mapping {unknown}
 f - a scroll of noise {unknown}
 g - a scroll of recharging
 h - 2 scrolls of identify
 j - a scroll of fog
 m - a scroll of remove curse {unknown}
 t - a scroll of teleportation {unknown}
 u - a scroll of enchant armour {unknown}
Potions
 d - a potion of curing {unknown}
 i - a potion of might {unknown}
 q - 3 potions of lignification
 r - a potion of flight
 z - a potion of brilliance {unknown}
Books
 b - a book of Flames

   Spells                             Type                      Level
   a - Flame Tongue                   Conjuration/Fire             1
   b - Throw Flame                    Conjuration/Fire             2
   c - Conjure Flame                  Conjuration/Fire             3
   d - Inner Flame                    Hexes/Fire                   3
   e - Sticky Flame                   Conjuration/Fire             4
   f - Fireball                       Conjuration/Fire             5
Comestibles
 c - a bread ration
 p - 2 royal jellies
 s - 3 meat rations


   Skills:
 + Level 4.0 Fighting
 - Level 1.7 Dodging
 - Level 1.7 Stealth
 + Level 2.1 Spellcasting
 + Level 1.5 Conjurations
 + Level 4.4 Fire Magic


You couldn't memorise any spells.
You knew the following spells:

 Your Spells              Type           Power        Failure   Level  Hunger
a - Flame Tongue          Conj/Fire      ###..        10%         1    #......
b - Conjure Flame         Conj/Fire      ###.....     30%         3    ###....
c - Sticky Flame          Conj/Fire      ###.....     69%         4    #####..


Dungeon Overview and Level Annotations

Branches:
Dungeon (4/15)             Temple (1/1) D:4

Altars:
Ashenzari
Dithmenos
Gozag
Hepliaklqana
Sif Muna
Trog
Vehumet

Shops:
D:2 *


Innate Abilities, Weirdness & Mutations

You have sharp fingernails.
You are partially covered in molten scales. (AC +2)
You are slightly more attuned to the shadows.
You possess an exceptional clarity of mind.
Your muscles are strong. (Str +2)


Message History

An orc comes into view. It is wielding a whip.
The orc shouts!
The orc wizard hits you but does no damage.
You hit the orc wizard!
The orc wizard is heavily wounded.
The orc wizard mumbles some strange words.
The orc wizard blinks!
An orc comes into view.
The orc wizard zaps a wand.
The bolt of lightning misses you.
An orc comes into view.
You see here 11 gold pieces.
You feel a strong urge to attack something.
You are no longer berserk.
You are exhausted.
You feel as though you will be slow longer.
The orc wizard barely misses you.
You hit the orc wizard.
The orc wizard is heavily wounded.
The orc wizard zaps a wand.
The bolt of lightning hits you!
You die...

#####.### #.#
....(..# #.#
.####..# #.#
.# #..# #.#
.# #..# #.#
.# #..# #.#
.# #..# #†#
.#
..#########.#
.# ..oo.o.$@#
####
.o######o#
.... #?# ....
#.. #### #..#
#..# #..#


You could see an orc wizard and 3 orcs.

Vanquished Creatures
  A howler monkey (D:4)
  A hound (D:4)
  An orc wizard (D:3)
  A centaur skeleton (D:4)
  A hound skeleton (D:4)
  4 adders
  A dart slug (D:3)
  3 worms
  3 leopard geckos
  5 orcs (D:3)
  9 bats
  6 giant cockroaches
  7 goblins
  4 hobgoblins
  6 jackals
  2 quokkas
  2 ball pythons
  2 frilled lizards
  10 kobolds
  10 rats
79 creatures vanquished.

Notes
Turn   | Place    | Note
-------+----------+-------------------------------------------
     0 | D:1      | vineage the Demonspawn Fire Elementalist began the quest for the Orb.
     0 | D:1      | Reached XP level 1. HP: 13/13 MP: 3/3
   305 | D:1      | Reached skill level 1 in Fighting
   526 | D:1      | Gained mutation: You are partially covered in molten scales. (AC +2) [demonic ancestry]
   526 | D:1      | Reached XP level 2. HP: 9/21 MP: 5/5
  1713 | D:1      | HP: 1/23 [hobgoblin/club (4)]
  2085 | D:1      | Reached XP level 3. HP: 28/28 MP: 6/6
  3010 | D:2      | Found a shadowy altar of Dithmenos.
  3280 | D:2      | Found Gozag's Platinum Reserve.
  3286 | D:2      | Found an opulent altar of Gozag.
  3333 | D:2      | Found a deep blue altar of Sif Muna.
  3333 | D:2      | Found a shattered altar of Ashenzari.
  3350 | D:2      | Gained mutation: You have sharp fingernails. [demonic ancestry]
  3350 | D:2      | Reached XP level 4. HP: 31/35 MP: 3/7
  3548 | D:3      | Found a faded altar of an unknown god.
  3565 | D:3      | Found a bloodstained altar of Trog.
  4495 | D:3      | Gained mutation: You are slightly more attuned to the shadows. [demonic ancestry]
  4495 | D:3      | Reached XP level 5. HP: 40/41 MP: 2/8
  4524 | D:3      | Gained mutation: You are resistant to hostile enchantments. (MR+) [potion of mutation]
  4524 | D:3      | Gained mutation: Your flesh is heat resistant. (rF+) [potion of mutation]
  4524 | D:3      | Gained mutation: You evolve. [potion of mutation]
  4525 | D:3      | Lost mutation: You are resistant to hostile enchantments. (MR+) [potion of mutation]
  4525 | D:3      | Lost mutation: Your flesh is heat resistant. (rF+) [potion of mutation]
  4525 | D:3      | Lost mutation: You evolve. [potion of mutation]
  4525 | D:3      | Gained mutation: You have a beak for a mouth. [potion of mutation]
  4525 | D:3      | Gained mutation: You possess an exceptional clarity of mind. [potion of mutation]
  4525 | D:3      | Gained mutation: You are robust. (+10% HP) [potion of mutation]
  4526 | D:3      | Lost mutation: You are robust. (+10% HP) [potion of mutation]
  4526 | D:3      | Lost mutation: You possess an exceptional clarity of mind. [potion of mutation]
  4526 | D:3      | Lost mutation: You have a beak for a mouth. [potion of mutation]
  4526 | D:3      | Gained mutation: You are somewhat resistant to further mutation. [potion of mutation]
  4570 | D:3      | Learned a level 3 spell: Conjure Flame
  4575 | D:3      | Learned a level 4 spell: Sticky Flame
  4944 | D:4      | Lost mutation: You are somewhat resistant to further mutation. [potion of mutation]
  4944 | D:4      | Gained mutation: Your muscles are strong. (Str +2) [potion of mutation]
  4944 | D:4      | Gained mutation: You possess an exceptional clarity of mind. [potion of mutation]
  5073 | D:4      | Found a staircase to the Ecumenical Temple.
  5162 | Temple   | Entered the Ecumenical Temple
  5204 | Temple   | Became a worshipper of Vehumet
  5422 | D:4      | Killed from afar by an orc wizard

Skill      XL: |  1  2  3  4  5 |
---------------+----------------+-----
Fighting       | 1 2 3 4 |  4.0
Fire Magic     | 3 4 |  4.4
Dodging        | |  1.7
Stealth        | |  1.7
Spellcasting   | |  2.1
Conjurations   | |  1.5

Action                   |  1- 3 |  4- 6 || total
-------------------------+-------+-------++-------
Melee: Unarmed           |   374 |    67 ||   441
       Staff             |       |    10 ||    10
 Cast: Flame Tongue      |    33 |    65 ||    98
  Use: Scroll            |       |     6 ||     6
       Potion            |       |     6 ||     6
 Stab: Sleeping          |     5 |       ||     5
  Eat: Chunk             |     5 |     7 ||    12
       Bread ration      |     1 |       ||     1
Armor: Robe              |   138 |    33 ||   171
Dodge: Dodged            |   297 |    43 ||   340
Block: Buckler           |     3 |    11 ||    14
